PCL
MEXICO CITY CERVECEROS @ SANTA MONICA BRUINS
06/30/2023
 
TOP OF THE 1ST
Mexico City Cerveceros batting - Pitching for Santa Monica Bruins : RHP Sloan Otto
Pitching: RHP Sloan Otto
Batting: LHB Javier Escobedo 0-0: Called Strike
0-1: SINGLE (Groundball, 4M)
Batting: RHB Reynold Akker 0-0: Ball
1-0: Swinging Strike
1-1: Ball
2-1: Foul Ball, location: 2F
2-2: SINGLE (Line Drive, 4D)
Javier Escobedo to second
Batting: LHB Tony Abete 0-0: Fielders Choice at 2nd, 6-4 (Groundball, 6)
Javier Escobedo to third
Batting: RHB Dave Morgan 0-0: Called Strike
0-1: Foul Ball, location: 2F
0-2: Foul Ball, location: 2F
0-2: Ball
Tony Abete is caught stealing 2nd base
1-2: Ball
2-2: Foul Ball, location: 2F
2-2: Fly out, F9 (Flyball, 89D)
Top of the 1st over - 0 run(s), 2 hit(s), 0 error(s), 1 left on base; Mexico City 0 - Santa Monica 0
BOTTOM OF THE 1ST
Santa Monica Bruins batting - Pitching for Mexico City Cerveceros : RHP Thomas Hughes
Pitching: RHP Thomas Hughes
Batting: RHB Motoshige Yagi 0-0: Ball
1-0: Foul Ball, location: 2F
1-1: Foul Ball, location: 2F
1-2: Foul Ball, location: 2F
1-2: Ground out 6-3 (Groundball, 6)
Batting: RHB Lorenzo Martínez 0-0: Ball
1-0: Ball
2-0: Called Strike
2-1: Foul Ball, location: 2F
2-2: SOLO HOME RUN (Line Drive, 78XD), Distance : 420 ft
Batting: LHB Patrick Osborne 0-0: Ball
1-0: Ball
2-0: Foul Ball, location: 2F
2-1: Ball
3-1: Base on Balls
Batting: RHB Danny Crouch 0-0: Called Strike
0-1: Swinging Strike
0-2: Ball
1-2: Strikes out swinging
Batting: LHB Matsusuke Yamasaki 0-0: Ball
Patrick Osborne steals 2nd base
1-0: Foul Ball, location: 2F
1-1: Swinging Strike
1-2: Foul Ball, location: 2F
1-2: Strikes out swinging
Bottom of the 1st over - 1 run(s), 1 hit(s), 0 error(s), 1 left on base; Mexico City 0 - Santa Monica 1
TOP OF THE 2ND
Mexico City Cerveceros batting - Pitching for Santa Monica Bruins : RHP Sloan Otto
Batting: LHB Chad Weaver 0-0: Ball
1-0: Ball
2-0: Called Strike
2-1: Ball
3-1: SINGLE (Groundball, 25) (infield hit)
Batting: LHB Eduardo Gómez 0-0: Ball
1-0: Ball
2-0: Ball
3-0: Called Strike
3-1: Foul Ball, location: 2F
3-2: SINGLE (Flyball, 8LS)
Chad Weaver to second
Runner from 2nd tries for 3rd, SAFE, no throw or cutoff
Batting: LHB Jesús Ramírez 0-0: Called Strike
0-1: Ball
1-1: Ball
2-1: Called Strike
2-2: DOUBLE (Line Drive, 9LS)
Chad Weaver scores
Eduardo Gómez to third
Batting: LHB Brandon Cummings 0-0: Foul Ball, location: 2F
0-1: SINGLE (Groundball, 3L)
Eduardo Gómez scores
Jesús Ramírez to third
Batting: RHB Roberto Zamora 0-0: Foul Ball, location: 2F
0-1: Ball
1-1: SINGLE (Groundball, 6M)
Jesús Ramírez scores
Brandon Cummings to second
Batting: LHB Javier Escobedo 0-0: Ball
1-0: Called Strike
1-1: Fly out, F7 (Line Drive, 7LM)
Batting: RHB Reynold Akker 0-0: Called Strike
0-1: Ball
1-1: Ball
2-1: Foul Ball, location: 2F
2-2: 3-RUN HOME RUN (Flyball, 7LD), Distance : 345 ft
Batting: LHB Tony Abete 0-0: SINGLE (Groundball, 56D)
Batting: RHB Dave Morgan 0-0: Called Strike
0-1: Foul Ball, location: 2F
0-2: Grounds into double play, 5-4-3 (Groundball, 5)
Top of the 2nd over - 6 run(s), 7 hit(s), 0 error(s), 0 left on base; Mexico City 6 - Santa Monica 1
BOTTOM OF THE 2ND
Santa Monica Bruins batting - Pitching for Mexico City Cerveceros : RHP Thomas Hughes
Batting: RHB Beco Lombo 0-0: Called Strike
0-1: Ball
1-1: Ball
2-1: Foul Ball, location: 2F
2-2: Ground out U3 (Groundball, 3)
Batting: RHB Mario Martínez 0-0: Ball
1-0: Called Strike
1-1: Foul Ball, location: 2F
1-2: Foul Ball, location: 2F
1-2: Ball
2-2: Foul Ball, location: 2F
2-2: DOUBLE (Line Drive, 7LM)
Batting: LHB Fernando De La Cruz 0-0: Ball
1-0: Ball
2-0: Called Strike
2-1: Ball
3-1: Base on Balls
Batting: LHB Juan Sánchez 0-0: Ball
1-0: Ball
2-0: Called Strike
2-1: SINGLE (Line Drive, 8RM)
Mario Martínez to third
Fernando De La Cruz to second
Runner from 3rd tries for Home, SAFE, no throw or cutoff
Batting: RHB Motoshige Yagi 0-0: Called Strike
0-1: Foul Ball, location: 2F
0-2: Foul Ball, location: 2F
0-2: Ball
1-2: Foul Ball, location: 2F
1-2: Foul Ball, location: 2F
1-2: Ball
2-2: Ball
3-2: Strikes out swinging
Batting: RHB Lorenzo Martínez 0-0: Ball
1-0: Ball
2-0: Ball
3-0: Base on Balls
Fernando De La Cruz to third
Juan Sánchez to second
Batting: LHB Patrick Osborne 0-0: Ball
1-0: Ball
2-0: SINGLE (Line Drive, 56)
Fernando De La Cruz scores
Juan Sánchez to third
Lorenzo Martínez to second
Runner from 3rd tries for Home, SAFE, no throw or cutoff
Batting: RHB Danny Crouch 0-0: Ball
1-0: Foul Ball, location: 2F
1-1: Called Strike
1-2: Ball
2-2: DOUBLE (Line Drive, 4MD)
Lorenzo Martínez scores
Patrick Osborne to third
Batting: LHB Matsusuke Yamasaki 0-0: Ground out 4-3 (Groundball, 34)
Bottom of the 2nd over - 4 run(s), 4 hit(s), 0 error(s), 2 left on base; Mexico City 6 - Santa Monica 5
TOP OF THE 3RD
Mexico City Cerveceros batting - Pitching for Santa Monica Bruins : RHP Sloan Otto
Batting: LHB Chad Weaver 0-0: Called Strike
0-1: Fly out, F7 (Flyball, 7M)
Batting: LHB Eduardo Gómez 0-0: Called Strike
0-1: Ball
1-1: Called Strike
1-2: Foul Ball, location: 2F
1-2: DOUBLE (Line Drive, 78XD)
Batting: LHB Jesús Ramírez 0-0: Ball
1-0: Fly out, F4 (Line Drive, 34)
Batting: LHB Brandon Cummings 0-0: Ball
1-0: Ball
2-0: Ball
3-0: Base on Balls
Batting: RHB Roberto Zamora 0-0: Ball
1-0: Swinging Strike
1-1: Ball
2-1: Fly out, F4 (Popup, 34)
Top of the 3rd over - 0 run(s), 1 hit(s), 0 error(s), 2 left on base; Mexico City 6 - Santa Monica 5
BOTTOM OF THE 3RD
Santa Monica Bruins batting - Pitching for Mexico City Cerveceros : RHP Thomas Hughes
Batting: RHB Beco Lombo 0-0: Foul Ball, location: 2F
0-1: Ball
1-1: Called Strike
1-2: Ball
2-2: Ground out 4-3 (Groundball, 34)
Batting: RHB Mario Martínez 0-0: Called Strike
0-1: Ball
1-1: Foul Ball, location: 2F
1-2: Strikes out looking
Batting: LHB Fernando De La Cruz 0-0: Ball
1-0: Ball
2-0: Called Strike
2-1: Ground out U3 (Groundball, 3S)
Bottom of the 3rd over - 0 run(s), 0 hit(s), 0 error(s), 0 left on base; Mexico City 6 - Santa Monica 5
TOP OF THE 4TH
Mexico City Cerveceros batting - Pitching for Santa Monica Bruins : RHP Sloan Otto
Batting: LHB Javier Escobedo 0-0: Swinging Strike
0-1: Called Strike
0-2: Ball
1-2: Fly out, F6 (Popup, 6D)
Batting: RHB Reynold Akker 0-0: Ball
1-0: Ball
2-0: Called Strike
2-1: Swinging Strike
2-2: Ball
3-2: Ground out 5-3 (Groundball, 56)
Batting: LHB Tony Abete 0-0: Foul Ball, location: 2F
0-1: Fly out, F9 (Flyball, 9D)
Top of the 4th over - 0 run(s), 0 hit(s), 0 error(s), 0 left on base; Mexico City 6 - Santa Monica 5
BOTTOM OF THE 4TH
Santa Monica Bruins batting - Pitching for Mexico City Cerveceros : RHP Thomas Hughes
Batting: LHB Juan Sánchez 0-0: Called Strike
0-1: Ball
1-1: Ball
2-1: Ball
3-1: Swinging Strike
3-2: Reached on Error, E8 (Flyball, 8LM)
Batting: RHB Motoshige Yagi 0-0: Fielders Choice at 2nd, 6-4 (Groundball, 6M)
Batting: RHB Lorenzo Martínez 0-0: Called Strike
0-1: Called Strike
0-2: Strikes out swinging
Batting: LHB Patrick Osborne 0-0: Ball
Motoshige Yagi steals 2nd base
1-0: Called Strike
1-1: Ball
2-1: Foul Ball, location: 2F
2-2: Foul Ball, location: 2F
2-2: Fly out, F5 (Popup, 56)
Bottom of the 4th over - 0 run(s), 0 hit(s), 1 error(s), 1 left on base; Mexico City 6 - Santa Monica 5
TOP OF THE 5TH
Mexico City Cerveceros batting - Pitching for Santa Monica Bruins : RHP Sloan Otto
Batting: RHB Dave Morgan 0-0: Ball
1-0: Ball
2-0: Ball
3-0: Called Strike
3-1: SINGLE (Line Drive, 8LS)
Batting: LHB Chad Weaver 0-0: Fly out, F3 (Line Drive, 3)
Batting: LHB Eduardo Gómez 0-0: Ball
1-0: Ball
2-0: Ball
3-0: Called Strike
3-1: Foul Ball, location: 2F
3-2: Strikes out swinging
Batting: LHB Jesús Ramírez 0-0: Fly out, F9 (Flyball, 9LD)
Top of the 5th over - 0 run(s), 1 hit(s), 0 error(s), 1 left on base; Mexico City 6 - Santa Monica 5
BOTTOM OF THE 5TH
Santa Monica Bruins batting - Pitching for Mexico City Cerveceros : RHP Thomas Hughes
Batting: RHB Danny Crouch 0-0: Ball
1-0: Called Strike
1-1: Ball
2-1: Ball
3-1: Base on Balls
Pitching: RHP Leonard Lewis
Batting: LHB Matsusuke Yamasaki 0-0: Ball
1-0: Foul Ball, location: 2F
1-1: Ball
2-1: Called Strike
2-2: Ball
3-2: Strikes out swinging
Batting: RHB Beco Lombo 0-0: Ball
1-0: Swinging Strike
1-1: Called Strike
1-2: Grounds into double play, 5-4-3 (Groundball, 56)
Bottom of the 5th over - 0 run(s), 0 hit(s), 0 error(s), 0 left on base; Mexico City 6 - Santa Monica 5
TOP OF THE 6TH
Mexico City Cerveceros batting - Pitching for Santa Monica Bruins : RHP Sloan Otto
Batting: LHB Brandon Cummings 0-0: SINGLE (Line Drive, 8RS)
Batting: RHB Roberto Zamora 0-0: SINGLE (Line Drive, 6D)
Brandon Cummings to second
Batting: LHB Javier Escobedo 0-0: Ball
1-0: Ball
2-0: Ball
Wild Pitch!
Brandon Cummings to third
Roberto Zamora to second
3-0: Base on Balls
Batting: RHB Reynold Akker 0-0: Ball
1-0: DOUBLE (Line Drive, 4D)
Brandon Cummings scores
Roberto Zamora scores
Javier Escobedo to third
Runner from 3rd tries for Home, SAFE, no throw or cutoff
Pitching: RHP Javier Correa
Batting: LHB Tony Abete 0-0: Swinging Strike
0-1: Called Strike
0-2: Strikes out looking
Batting: RHB Dave Morgan 0-0: Ball
1-0: Ball
2-0: Ball
3-0: Base on Balls
Batting: LHB Chad Weaver 0-0: Called Strike
0-1: Ball
1-1: Ball
2-1: Swinging Strike
2-2: Fielders Choice at 2nd, 6-4 (Groundball, 6)
Reynold Akker to third
Batting: LHB Eduardo Gómez 0-0: Foul Ball, location: 2F
0-1: Ball
1-1: Foul Ball, location: 2F
1-2: Ball
2-2: Foul Ball, location: 2F
2-2: Strikes out swinging
Top of the 6th over - 3 run(s), 3 hit(s), 0 error(s), 2 left on base; Mexico City 9 - Santa Monica 5
BOTTOM OF THE 6TH
Santa Monica Bruins batting - Pitching for Mexico City Cerveceros : RHP Leonard Lewis
Batting: RHB Mario Martínez 0-0: Called Strike
0-1: Ball
1-1: Bunt for hit - play at first, batter safe!
Batting: LHB Fernando De La Cruz 0-0: Ball
1-0: Ball
2-0: Called Strike
2-1: Called Strike
2-2: Ball
3-2: Base on Balls
Mario Martínez to second
Batting: LHB Juan Sánchez 0-0: Ball
1-0: SINGLE (Groundball, 4MD)
Mario Martínez to third
Fernando De La Cruz to second
Batting: RHB Motoshige Yagi 0-0: Ball
1-0: Ball
2-0: Foul Ball, location: 2F
2-1: Called Strike
2-2: Grounds into double play, 4-6-3 (Groundball, 34)
Mario Martínez scores
Fernando De La Cruz to third
Batting: RHB Lorenzo Martínez 0-0: Foul Ball, location: 2F
0-1: Swinging Strike
0-2: SINGLE (Line Drive, 89S)
Fernando De La Cruz scores
Batting: LHB Patrick Osborne 0-0: Ground out 2-3 (Groundball, 2L)
Bottom of the 6th over - 2 run(s), 3 hit(s), 0 error(s), 1 left on base; Mexico City 9 - Santa Monica 7
TOP OF THE 7TH
Mexico City Cerveceros batting - Pitching for Santa Monica Bruins : RHP Javier Correa
Batting: LHB Jesús Ramírez 0-0: Foul Ball, location: 2F
0-1: Ball
1-1: Fly out, F9 (Flyball, 9M)
Batting: LHB Brandon Cummings 0-0: Fly out, F9 (Flyball, 9M)
Batting: RHB Roberto Zamora 0-0: Called Strike
0-1: Ball
1-1: Swinging Strike
1-2: Ball
2-2: Strikes out swinging
Top of the 7th over - 0 run(s), 0 hit(s), 0 error(s), 0 left on base; Mexico City 9 - Santa Monica 7
BOTTOM OF THE 7TH
Santa Monica Bruins batting - Pitching for Mexico City Cerveceros : RHP Leonard Lewis
Pitching: RHP Jared Cameron
Batting: RHB Danny Crouch 0-0: SINGLE (Groundball, 6M)
Batting: LHB Matsusuke Yamasaki 0-0: Ball
1-0: Foul Ball, location: 2F
1-1: Ball
2-1: Ball
3-1: DOUBLE (Line Drive, 7LD)
Danny Crouch to third
Runner from 3rd tries for Home, SAFE, no throw or cutoff
Pinch Hitting: LHB Germán Charfauros 0-0: Ball
1-0: Called Strike
1-1: Ball
2-1: Foul Ball, location: 2F
2-2: Foul Ball, location: 2F
2-2: Strikes out swinging
Batting: RHB Mario Martínez 0-0: Called Strike
0-1: Ground out 6-3 (Groundball, 6)
Batting: LHB Fernando De La Cruz 0-0: Ball
1-0: Ball
2-0: Fly out, F7 (Flyball, 78XD)
Bottom of the 7th over - 1 run(s), 2 hit(s), 0 error(s), 1 left on base; Mexico City 9 - Santa Monica 8
TOP OF THE 8TH
Mexico City Cerveceros batting - Pitching for Santa Monica Bruins : RHP Javier Correa
Pitching: RHP Ron Henningar
Now in LF: Germán Charfauros
Batting: LHB Javier Escobedo 0-0: Fly out, F4 (Popup, 34)
Batting: RHB Reynold Akker 0-0: Ball
1-0: Ball
2-0: Ball
3-0: Base on Balls
Batting: LHB Tony Abete 0-0: Grounds into double play, U4-3 (Groundball, 4)
Top of the 8th over - 0 run(s), 0 hit(s), 0 error(s), 0 left on base; Mexico City 9 - Santa Monica 8
BOTTOM OF THE 8TH
Santa Monica Bruins batting - Pitching for Mexico City Cerveceros : RHP Jared Cameron
Pitching: LHP Daniel Draper
Now at C: Jorge González
Batting: LHB Juan Sánchez 0-0: Ball
1-0: Ball
2-0: Ball
3-0: Foul Ball, location: 2F
3-1: SINGLE (Groundball, 4MD)
Pitching: RHP Howard Joyce
Batting: RHB Motoshige Yagi 0-0: Bunted foul
0-1: Bunted foul
0-2: Ball
1-2: Foul Ball, location: 2F
1-2: Foul Ball, location: 2F
1-2: Strikes out swinging
Batting: RHB Lorenzo Martínez 0-0: Ball
1-0: Called Strike
1-1: Swinging Strike
1-2: Hit by Pitch
Juan Sánchez to second
Pitching: RHP Glen Brewer
Batting: LHB Patrick Osborne 0-0: Called Strike
0-1: Fielders Choice at 2nd, 3-6 (Groundball, 3)
Juan Sánchez to third
Batting: RHB Danny Crouch 0-0: Ball
1-0: Called Strike
1-1: Ball
2-1: Ball
3-1: Ground out 3-1 (Groundball, 34S)
Bottom of the 8th over - 0 run(s), 1 hit(s), 0 error(s), 2 left on base; Mexico City 9 - Santa Monica 8
TOP OF THE 9TH
Mexico City Cerveceros batting - Pitching for Santa Monica Bruins : RHP Ron Henningar
Pitching: RHP Manuel López
Batting: RHB Dave Morgan 0-0: Called Strike
0-1: Swinging Strike
0-2: Strikes out looking
Batting: LHB Chad Weaver 0-0: Ball
1-0: Ball
2-0: Called Strike
2-1: Foul Ball, location: 2F
2-2: Foul Ball, location: 2F
2-2: Ground out 6-3 (Groundball, 6M)
Batting: LHB Eduardo Gómez 0-0: Ball
1-0: Called Strike
1-1: Called Strike
1-2: SINGLE (Line Drive, 8RS)
Pinch Hitting: LHB Francisco Franco 0-0: Ball
1-0: Foul Ball, location: 2F
1-1: Ground out U3 (Groundball, 3)
Top of the 9th over - 0 run(s), 1 hit(s), 0 error(s), 1 left on base; Mexico City 9 - Santa Monica 8
BOTTOM OF THE 9TH
Santa Monica Bruins batting - Pitching for Mexico City Cerveceros : RHP Glen Brewer
Pitching: RHP David Escobido
Now at 3B: Orlando González
Now in CF: Jesús Núñez
Batting: LHB Matsusuke Yamasaki 0-0: SINGLE (Groundball, 6MD)
Batting: LHB Germán Charfauros 0-0: Ball
1-0: Ball
2-0: Bunted foul
2-1: Bunted foul
2-2: Ground out 4-3 (Groundball, 4M)
Matsusuke Yamasaki to second
Batting: RHB Mario Martínez 0-0: Ball
1-0: Foul Ball, location: 2F
1-1: Called Strike
1-2: Ball
2-2: 2-RUN HOME RUN (Flyball, 7LD), Distance : 351 ft
This league is powered by Out of the Park Baseball, the baseball management simulation game for PC, Mac and Linux
Wednesday, December 2nd, 2015 - OOTP Baseball 16.8 Build 38